General information
- name: BNet
- type: Ladder team game (AT/RT)
- host: Battle.net
- saver: redesign_fashio
map: Mur'gulOasis
- players: 8
- length: 10:46
- speed: Fast
- version: 1.26 W3XP
- replay type: Public
» download(81 KB)
Players
team 1 (winner)

»
ONLYG0DKNOWSWHY (
blue | 79 APM | 849 actions | 10:45)
2 Blademaster
1 Wind Walk
1 Critical Strike
» actions
| Assign group hotkey | 22 | |
| Basic commands | 74 | |
| Build / train | 33 | |
| ESC pressed | 7 | |
| Enter build submenu | 18 | |
| Enter hero's abilities submenu | 2 | |
| Right click | 363 | |
| Select / deselect | 238 | |
| Select group hotkey | 36 | |
| Use ability | 56 | |
849 total
» units
» upgrades
| Pillage | 1 | |
| Ensnare | 1 | |
| Melee Weapons | 2 | |
| Armor | 2 | |
6 total
» buildings
| Altar of Storms | 1 | |
| Orc Burrow | 3 | |
| Voodoo Lounge | 1 | |
| War Mill | 1 | |
| Stronghold | 3 | |
| Watch Tower | 10 | |
| Beastiary | 2 | |
21 total
» build order
00:07 Altar of Storms
00:09 Orc Burrow
01:03 Voodoo Lounge
01:19 War Mill
02:53 Stronghold
02:54 Stronghold
03:06 Watch Tower
03:11 Watch Tower
04:13 Watch Tower
04:14 Watch Tower
04:53 Watch Tower
04:55 Watch Tower
05:29 Beastiary
05:31 Beastiary
06:31 Orc Burrow
06:34 Watch Tower
06:38 Watch Tower
06:42 Watch Tower
07:45 Orc Burrow
07:47 Watch Tower
» items
| Healing Salve | 1 | |
| Lesser Clarity Potion | 2 | |
| Scroll of Speed | 1 | |
4 total
Dorian12 (
green | 48 APM | 511 actions | 10:45)
3 Mountain King
1 Storm Bolt
2 Thunder Clap
1 Paladin
1 Holy Light
» actions
| Assign group hotkey | 31 | |
| Basic commands | 31 | |
| Build / train | 33 | |
| Enter build submenu | 13 | |
| Enter hero's abilities submenu | 4 | |
| Give item / drop item | 1 | |
| Right click | 138 | |
| Select / deselect | 81 | |
| Select group hotkey | 134 | |
| Use ability | 45 | |
511 total
» units
| Peasant | 8 | |
| Rifleman | 5 | |
| Mortar Team | 1 | |
14 total
» upgrades
| Gunpowder | 2 | |
| Long Rifles | 1 | |
| Armor | 1 | |
| Flare | 1 | |
5 total
» buildings
| Farm | 7 | |
| Altar of Kings | 1 | |
| Lumber Mill | 2 | |
| Barracks | 1 | |
| Blacksmith | 1 | |
| Arcane Vault | 1 | |
| Keep | 1 | |
| Workshop | 2 | |
| Castle | 1 | |
17 total
» build order
00:47 Farm
00:54 Altar of Kings
01:06 Lumber Mill
01:55 Barracks
02:07 Blacksmith
02:15 Farm
02:16 Farm
02:18 Farm
02:19 Farm
02:25 Arcane Vault
04:36 Keep
04:47 Farm
04:51 Farm
07:22 Workshop
07:26 Workshop
07:41 Lumber Mill
10:36 Castle
» items
| Scroll of Speed | 2 | |
| Potion of Healing | 1 | |
| Lesser Clarity Potion | 1 | |
| Healing Salve | 1 | |
| Scroll of Town Portal | 1 | |
6 total
humans_wrath (
yellow | 78 APM | 843 actions | 10:45)
3 Archmage
2 Blizzard
1 Brilliance Aura
2 Blood Mage
1 Flame Strike
1 Siphon Mana
» actions
| Assign group hotkey | 3 | |
| Basic commands | 35 | |
| Build / train | 45 | |
| Enter build submenu | 16 | |
| Enter hero's abilities submenu | 5 | |
| Remove unit from queue | 3 | |
| Right click | 512 | |
| Select / deselect | 119 | |
| Select group hotkey | 76 | |
| Use ability | 29 | |
843 total
» units
» upgrades
» buildings
| Altar of Kings | 1 | |
| Farm | 6 | |
| Scout Tower | 4 | |
| Arcane Vault | 1 | |
| Arcane Tower | 2 | |
| Keep | 3 | |
| Lumber Mill | 1 | |
| Arcane Sanctum | 2 | |
| Castle | 3 | |
| Guard Tower | 3 | |
26 total
» build order
00:35 Altar of Kings
00:39 Farm
01:50 Scout Tower
01:58 Arcane Vault
02:25 Arcane Tower
02:51 Keep
02:57 Lumber Mill
03:39 Farm
03:39 Farm
03:40 Farm
05:37 Arcane Sanctum
05:39 Arcane Sanctum
06:49 Castle
06:49 Castle
06:50 Castle
06:53 Farm
08:21 Scout Tower
08:21 Scout Tower
08:25 Scout Tower
09:08 Guard Tower
09:08 Guard Tower
09:16 Guard Tower
10:37 Farm
» items
| Boots of Speed | 2 | |
| Periapt of Vitality | 2 | |
| Circlet of Nobility | 2 | |
| Potion of Healing | 2 | |
| Healing Salve | 1 | |
9 total

»
redesign_fashio (
purple | 66 APM | 707 actions | 10:46)
4 Demon Hunter
2 Mana Burn
2 Evasion
1 Keeper of the Grove
1 Entangling Roots
» actions
| Assign group hotkey | 27 | |
| Build / train | 33 | |
| Enter build submenu | 10 | |
| Enter hero's abilities submenu | 5 | |
| Remove unit from queue | 1 | |
| Right click | 299 | |
| Select / deselect | 88 | |
| Select group hotkey | 220 | |
| Use ability | 24 | |
707 total
» units
» upgrades
| Strength of the Wild | 0 | |
| Strength of the Moon | 1 | |
| Moon Armor | 1 | |
2 total
» buildings
| Moon Well | 4 | |
| Altar of Elders | 1 | |
| Hunter's Hall | 1 | |
| Ancient of War | 2 | |
| Tree of Ages | 1 | |
| Ancient Protector | 3 | |
12 total
» build order
00:08 Moon Well
00:19 Altar of Elders
01:21 Hunter's Hall
01:48 Ancient of War
02:01 Ancient of War
02:14 Moon Well
02:29 Moon Well
04:20 Moon Well
06:19 Tree of Ages
06:35 Ancient Protector
06:36 Ancient Protector
07:00 Ancient Protector
» items
team 2 (loser)

»
li331 (
teal | 60 APM | 419 actions | 06:56)
1 Tauren Chieftain
1 War Stomp
» actions
| Assign group hotkey | 7 | |
| Basic commands | 61 | |
| Build / train | 23 | |
| Enter build submenu | 9 | |
| Enter hero's abilities submenu | 1 | |
| Right click | 98 | |
| Select / deselect | 74 | |
| Select group hotkey | 133 | |
| Use ability | 13 | |
419 total
» units
» buildings
| Barracks | 1 | |
| Altar of Storms | 1 | |
| Orc Burrow | 3 | |
| Voodoo Lounge | 1 | |
| War Mill | 1 | |
| Stronghold | 1 | |
| Watch Tower | 1 | |
9 total
» build order
00:09 Barracks
00:12 Altar of Storms
00:21 Orc Burrow
01:32 Orc Burrow
02:15 Voodoo Lounge
03:46 War Mill
04:09 Stronghold
04:45 Orc Burrow
05:57 Watch Tower
» items
| Healing Salve | 1 | |
| Scroll of Speed | 1 | |
2 total

»
transvaginlmesh (
red | 58 APM | 598 actions | 10:23)
3 Death Knight
2 Death Coil
1 Unholy Aura
» actions
| Assign group hotkey | 9 | |
| Basic commands | 13 | |
| Build / train | 47 | |
| Enter build submenu | 11 | |
| Enter hero's abilities submenu | 3 | |
| Right click | 330 | |
| Select / deselect | 97 | |
| Select group hotkey | 44 | |
| Use ability | 44 | |
598 total
» units
| Acolyte | 5 | |
| Ghoul | 7 | |
| Crypt Fiend | 13 | |
25 total
» upgrades
» buildings
| Crypt | 1 | |
| Graveyard | 1 | |
| Ziggurat | 4 | |
| Altar of Darkness | 1 | |
| Tomb of Relics | 1 | |
| Nerubian Tower | 1 | |
| Spirit Tower | 1 | |
| Halls of the Dead | 3 | |
| Black Citadel | 2 | |
| Sacrificial Pit | 1 | |
| Fortress | 2 | |
| Spirit Lodge | 2 | |
20 total
» build order
00:25 Crypt
00:31 Graveyard
00:56 Ziggurat
01:14 Altar of Darkness
02:17 Tomb of Relics
02:43 Ziggurat
03:50 Ziggurat
04:22 Nerubian Tower
04:24 Spirit Tower
05:17 Halls of the Dead
05:17 Halls of the Dead
05:17 Halls of the Dead
06:28 Ziggurat
07:38 Black Citadel
07:38 Black Citadel
07:41 Sacrificial Pit
09:17 Fortress
09:18 Fortress
09:22 Spirit Lodge
09:22 Spirit Lodge
» items

»
KalamazooZoo (
orange | 141 APM | 1479 actions | 10:29)
2 Demon Hunter
1 Mana Burn
1 Evasion
1 Naga Sea Witch
1 Frost Arrows
» actions
| Assign group hotkey | 19 | |
| Basic commands | 44 | |
| Build / train | 37 | |
| ESC pressed | 1 | |
| Enter build submenu | 14 | |
| Enter hero's abilities submenu | 3 | |
| Right click | 609 | |
| Select / deselect | 173 | |
| Select group hotkey | 534 | |
| Use ability | 45 | |
1479 total
» units
| Wisp | 15 | |
| Archer | 3 | |
| Huntress | 5 | |
| Dryad | 4 | |
27 total
» upgrades
| Strength of the Wild | 1 | |
| Reinforced Hides | 1 | |
| Abolish Magic | 1 | |
3 total
» buildings
| Altar of Elders | 1 | |
| Moon Well | 5 | |
| Ancient of War | 2 | |
| Hunter's Hall | 1 | |
| Ancient of Wonders | 1 | |
| Tree of Ages | 1 | |
| Ancient of Lore | 3 | |
14 total
» build order
00:06 Altar of Elders
00:17 Moon Well
00:31 Ancient of War
01:19 Moon Well
02:07 Hunter's Hall
02:34 Ancient of Wonders
02:56 Moon Well
04:21 Tree of Ages
05:38 Moon Well
06:54 Moon Well
07:03 Ancient of War
07:07 Ancient of Lore
07:07 Ancient of Lore
07:42 Ancient of Lore
FullOn (
pink | 47 APM | 504 actions | 10:44)
3 Paladin
1 Holy Light
1 Devotion Aura
1 Divine Shield
1 Tauren Chieftain
1 Endurance Aura
» actions
| Assign group hotkey | 13 | |
| Basic commands | 2 | |
| Build / train | 54 | |
| ESC pressed | 3 | |
| Enter build submenu | 19 | |
| Enter hero's abilities submenu | 4 | |
| Right click | 151 | |
| Select / deselect | 129 | |
| Select group hotkey | 85 | |
| Use ability | 44 | |
504 total
» units
| Peasant | 10 | |
| Footman | 7 | |
| Knight | 18 | |
35 total
» upgrades
| Swords | 2 | |
| Plating | 2 | |
| Animal War Training | 1 | |
5 total
» buildings
| Barracks | 3 | |
| Farm | 7 | |
| Altar of Kings | 1 | |
| Lumber Mill | 1 | |
| Scout Tower | 3 | |
| Guard Tower | 3 | |
| Keep | 1 | |
| Blacksmith | 1 | |
| Arcane Vault | 1 | |
| Castle | 1 | |
22 total
» build order
00:19 Barracks
00:35 Farm
00:55 Farm
01:05 Altar of Kings
01:21 Lumber Mill
01:49 Farm
02:11 Scout Tower
02:22 Scout Tower
02:24 Scout Tower
02:43 Guard Tower
03:24 Keep
03:46 Guard Tower
03:52 Guard Tower
04:18 Farm
04:21 Blacksmith
04:24 Arcane Vault
05:49 Farm
05:52 Castle
06:31 Barracks
06:56 Barracks
07:59 Farm
08:00 Farm
» items
| Scroll of Regeneration | 1 | |
| Lesser Clarity Potion | 1 | |
| Potion of Mana | 1 | |
| Potion of Healing | 1 | |
4 total
Chat log
(00:49 / Allies) redesign_fashio: what up my black brothers
(01:29 / Allies) redesign_fashio: '
(01:37 / Allies) redesign_fashio: hunts here i need u to protect me mr dorian
(01:49 / Allies) ONLYG0DKNOWSWHY: good luck with that one
(01:54 / Allies) redesign_fashio: lolz
(01:59 / Allies) redesign_fashio: he has 40k games tho
(03:01 / Allies) ONLYG0DKNOWSWHY: bull shit didnt get his hero
(03:01 / Allies) ONLYG0DKNOWSWHY: oo well
(03:16 / Allies) redesign_fashio: dorians infamous rifle build
(03:30 / All) redesign_fashio: join clan s4s after the game, going to be the top 4v4rt clan on east in a couple weeks
(04:25 / Allies) ONLYG0DKNOWSWHY: anyone wanna come...
(04:27 / Allies) redesign_fashio: want me to tp?
(04:33 / Allies) ONLYG0DKNOWSWHY: walk it
(04:34 / Allies) humans_wrath: get archers
(04:44 / Allies) humans_wrath: archres dude...
(05:10 / Allies) redesign_fashio: 2 wants nice
(05:11 / Allies) redesign_fashio: tp?
(05:41 / Allies) Dorian12: sweet
(06:12 / Allies) Dorian12: fun
(06:50 / Allies) ONLYG0DKNOWSWHY: wood if u can
(06:59 / Allies) ONLYG0DKNOWSWHY: ty
(07:02 / Allies) ONLYG0DKNOWSWHY: ty
(07:07 / All) redesign_fashio: JOIN CLAN S4S
(07:12 / Allies) Dorian12: funny
(07:20 / All) redesign_fashio: also post on wcrreplays.com like yellow
(07:58 / Allies) Dorian12: a gift for me!
(08:07 / Allies) Dorian12: np
(08:50 / Allies) Dorian12: ge tin
(10:05 / All) redesign_fashio: JOIN CLAN S4S LOL
(10:27 / All) KalamazooZoo: horrible team
(10:33 / All) redesign_fashio: MUGAROISCOOL #1